AoeStats
← Boustos13

Arena

510076333Analyzed
3v3 RM · 2d ago on Sep 29, 2026· 22m 8s· 6 players
Game mode
Random Map
Map size
Normal (6 player)
Population
200
Speed
Normal
Resources
Standard
Victory
Conquest
Starting age
Dark Age
Ending age
Imperial Age
RankedLock teamsTeams togetherTeam positionsShared explorationLock speedFull tech treeHidden civsTurbo modeCheats
Victory
Defeat
🇮🇳 Japanese · India
665
+11
🇦🇺 Cumans · Australia
657
+11
🇮🇳 Poles · India
606
+13
🇮🇳 Persians · India
586
-13
🇫🇷 Teutons · France
557
-12
🇫🇷 Slavs · France
507
-10
Boustos13
0:38 Loom
15:23 Feudal Age
21:06 Castle Age
19:42 Wheelbarrow
18:52 Town Watch
Boostos86
13:37 Feudal Age
15:58 Wheelbarrow
20:29 Man-at-Arms
20:35 Man-at-Arms
FlatLlama112580
1:35 Loom
12:56 Feudal Age
13:20 Horse Collar
13:30 Double-Bit Axe
13:37 Stone Mining
13:38 Gold Mining
14:26 Wheelbarrow
21:52 Castle Age
iqHackSaw
0:27 Loom
10:12 Feudal Age
11:19 Double-Bit Axe
15:14 Man-at-Arms
21:34 Wheelbarrow
kakashi
11:47 Feudal Age
11:10 Loom
12:28 Double-Bit Axe
16:54 Man-at-Arms
20:27 Horse Collar
HungryStarLord
2:07 Loom
13:46 Feudal Age
19:07 Double-Bit Axe
22:19 Scale Barding Armor
Connection lost

Rejoining the realm…

Still unreachable

The connection could not be restored.

Session expired

The server has moved on; the page needs a fresh start.